AoeStats
← Baba Ganoush

Arabia

509394263Analyzed
2v2 RM · 4d ago on Sep 26, 2026· 50m 4s· 4 players
Game mode
Random Map
Map size
Medium (4 player)
Population
200
Speed
Normal
Resources
Standard
Victory
Conquest
Starting age
Dark Age
Ending age
Imperial Age
RankedLock teamsTeams togetherTeam positionsShared explorationLock speedFull tech treeHidden civsTurbo modeCheats
Victory
Defeat
🇸🇪 Franks · Sweden
1045
+14
🇸🇪 Lithuanians · Sweden
1010
+15
🇨🇦 Franks · Canada
1024
-16
🇹🇼 Britons · Taiwan
969
-13
clive bixby
8:03 Loom
9:54 Feudal Age
10:52 Double-Bit Axe
16:24 Padded Archer Armor
18:46 Fletching
20:13 Scale Barding Armor
25:46 Castle Age
23:38 Gold Mining
25:16 Forging
27:26 Chain Barding Armor
27:42 Iron Casting
26:32 Elite Skirmisher
27:20 Husbandry
28:04 Bodkin Arrow
31:21 Bow Saw
34:07 Wheelbarrow
33:23 Town Watch
34:21 Gold Shaft Mining
38:45 Hand Cart
38:31 Town Patrol
44:38 Imperial Age
45:38 Conscription
45:26 Cavalier
Longoooooo
0:33 Loom
11:04 Feudal Age
12:20 Wheelbarrow
18:29 Castle Age
17:27 Double-Bit Axe
18:45 Gold Mining
20:08 Horse Collar
26:25 Pikeman
27:50 Fletching
37:08 Heavy Plow
40:19 Imperial Age
41:07 Hand Cart
40:38 Town Watch
41:16 Halberdier
42:00 Scale Mail Armor
43:19 Yeomen
44:25 Chemistry
46:59 Light Cavalry
49:49 Bodkin Arrow
49:55 Padded Archer Armor
Baba Ganoush
1:00 Loom
2:10 Loom
10:18 Feudal Age
12:09 Double-Bit Axe
12:20 Town Watch
14:55 Wheelbarrow
20:26 Castle Age
20:26 Scale Barding Armor
21:12 Husbandry
21:30 Forging
25:52 Hand Cart
26:13 Light Cavalry
31:34 Gold Mining
39:08 Imperial Age
40:03 Chain Barding Armor
40:18 Iron Casting
40:23 Caravan
40:20 Cavalier
41:39 Fortified Wall
44:28 Chivalry
43:53 Ordonnance Companies
47:38 Paladin
49:07 Murder Holes
49:09 Guard Tower
49:08 Arrowslits
Papa Emeritus
7:08 Loom
9:41 Feudal Age
10:08 Double-Bit Axe
15:16 Wheelbarrow
15:37 Fletching
16:13 Horse Collar
16:47 Padded Archer Armor
21:56 Castle Age
20:45 Gold Mining
21:21 Forging
22:27 Bloodlines
22:39 Husbandry
22:54 Heavy Plow
23:32 Iron Casting
24:40 Scale Barding Armor
28:15 Chain Barding Armor
28:23 Bow Saw
31:32 Hand Cart
37:33 Imperial Age
36:14 Town Watch
37:42 Bodkin Arrow
37:54 Cavalier
38:31 Stone Mining
42:53 Paladin
44:05 Elite Leitis
46:07 Plate Barding Armor
47:52 Chemistry
47:09 Fortified Wall
Connection lost

Rejoining the realm…

Still unreachable

The connection could not be restored.

Session expired

The server has moved on; the page needs a fresh start.